Map: Romanticide LE

Players

Geralt (Gerald)

  • Race: Protoss Protoss
  • League: Grandmaster
  • Spawn Location: 5:00

Denver - Winner!

  • Race: Zerg Zerg
  • League: Grandmaster
  • Spawn Location: 11:00

Event: DreamHack SC2 Masters 2020 Winter

VOD

Have the link to the VOD?

Description

Time

  • Played on: Oct. 21, 2020, 12:14 p.m.
  • Length: 10:15

All games in this series

Show
View Real Time Build Order
Export as new Build Order

Geralt Protoss 

Build Orders: 1 Gate Expand, Oracle Opening 

Get SALT Encoding   

  12  0:00  Probe  
  13  0:12  Probe  
  14  0:20  Pylon  
  14  0:24  Probe  
  15  0:29  Assimilator  
  15  0:38  Probe (Chrono Boost)  
  16  0:43  Gateway  
  16  0:47  Probe (Chrono Boost)  
  17  0:52  Probe  
  18  1:04  Probe  
  19  1:16  Probe  
  20  1:24  Nexus  
  21  1:34  Cybernetics Core  
  21  1:37  Probe  
  21  1:43  Assimilator  
  21  1:49  Probe  
  21  1:52  Pylon  
  22  2:01  Probe  
  22  2:08  Adept (Chrono Boost)  
  23  2:13  Probe  
  23  2:14  Stargate  
  26  2:24  Warp Gate  
  26  2:25  Probe  
  26  2:28  Adept (Chrono Boost)  
  27  2:36  Probe  
  30  2:37  Probe  
  31  2:48  Probe  
  31  2:50  Adept, Probe  
  35  2:58  Oracle (Chrono Boost)  
  35  3:00  Probe  
  35  3:02  Probe  
  40  3:09  Pylon  
  40  3:12  Probe  
  40  3:14  Probe  
  40  3:18  Gateway  
  42  3:25  Probe  
  43  3:28  Oracle (Chrono Boost)  
  43  3:30  Assimilator  
  46  3:34  Probe  
  46  3:37  Probe  
  46  3:40  Pylon  
  48  3:46  Probe  
  48  3:47  Gateway  
  49  3:51  Probe  
  50  3:58  Probe  
  50  3:59  Pylon  
  51  4:06  Oracle (Chrono Boost)  
  54  4:13  Probe  
  54  4:14  Adept x2  
  59  4:21  Probe  
  60  4:32  Nexus  
  60  4:33  Pylon  
  61  4:39  Pylon  
  61  4:43  Adept, Oracle (Chrono Boost)  
  61  4:44  Adept  
  68  4:48  Stalker  
  70  4:52  Probe  
  70  4:54  Probe  
  71  5:05  Robotics Facility, Probe  
  71  5:06  Adept x2, Probe  
  77  5:09  Oracle (Chrono Boost)  
  80  5:15  Adept  
  80  5:17  Probe  
  80  5:20  Probe  
  84  5:24  Assimilator  
  84  5:29  Probe  
  84  5:32  Probe  
  84  5:33  Forge  
  86  5:44  Probe x2  
  80  5:53  Probe, Immortal  
  80  5:56  Probe  
  80  5:57  Probe  
  80  6:06  Probe  
  80  6:08  Protoss Ground Weapons Level 1, Probe  
  80  6:09  Twilight Council, Probe  
  76  6:13  Assimilator  
  76  6:16  Robotics Bay  
  76  6:17  Assimilator  
  76  6:18  Probe  
  76  6:20  Probe  
  76  6:21  Pylon, Probe  
  76  6:24  Stalker, Sentry  
  83  6:26  Stalker, Shield Battery  
  83  6:36  Probe (Chrono Boost)  
  80  6:41  Probe (Chrono Boost)  
  80  6:42  Probe (Chrono Boost)  
  81  6:48  Probe (Chrono Boost)  
  81  6:51  Stalker x3, Blink (Chrono Boost)  
  81  6:52  Probe x2 (Chrono Boost)  
  87  6:58  Pylon  
  87  7:01  Phoenix (Chrono Boost), Probe  
  87  7:06  Warp Prism  
  87  7:07  Probe  
  93  7:13  Probe  
  94  7:21  Gateway  
  94  7:22  Gateway  
  94  7:25  Gateway  
  94  7:28  Robotics Facility  
  94  7:30  Pylon  
  94  7:31  Phoenix (Chrono Boost)  
  94  7:32  Nexus  
  94  7:33  Photon Cannon  
  94  7:35  Pylon  
  94  7:36  Extended Thermal Lance  
  96  7:42  Observer  
  97  7:46  Probe  
  97  7:48  Stargate  
  98  7:53  Pylon  
  98  8:02  Stalker x2  
  98  8:03  Colossus  
  104  8:06  Probe  
  104  8:09  Phoenix (Chrono Boost)  
  104  8:10  Shield Battery  
  107  8:15  Probe x2  
  107  8:17  Photon Cannon  
  107  8:19  Probe  
  110  8:20  Shield Battery  
  110  8:25  Stalker x3  
  110  8:26  Phoenix (Chrono Boost)  
  109  8:44  Phoenix  
  109  8:45  Stalker x2  
  109  8:46  Stalker  
  117  8:49  Phoenix  
  111  8:56  Colossus (Chrono Boost)  
  110  9:07  Photon Cannon  
  113  9:13  Fleet Beacon  
  113  9:15  Photon Cannon, Phoenix  
  107  9:33  Nexus  
  107  9:35  Stalker x3  
  107  9:37  Phoenix  
  115  9:38  Assimilator  
  115  9:40  Photon Cannon, Probe  
  115  9:51  Stalker x3  
Show
View Real Time Build Order
Export as new Build Order

Denver Zerg - Winner!

Build Orders: Hatch First 

Get SALT Encoding   

  12  0:00  Drone  
  13  0:12  Overlord  
  13  0:17  Drone  
  14  0:31  Drone x2  
  16  0:48  Hatchery  
  15  0:53  Drone  
  15  0:56  Drone  
  17  0:59  Drone  
  18  1:10  Extractor  
  17  1:14  Spawning Pool  
  17  1:17  Drone  
  17  1:21  Drone  
  18  1:28  Drone  
  19  1:39  Drone  
  20  1:49  Overlord  
  20  2:01  Queen  
  20  2:02  Queen, Zergling x4  
  26  2:09  Metabolic Boost  
  26  2:11  Drone  
  26  2:13  Drone  
  28  2:23  Drone x2  
  30  2:36  Hatchery  
  29  2:40  Drone  
  30  2:44  Overlord  
  30  2:47  Drone  
  30  2:50  Drone  
  32  2:55  Queen  
  34  2:58  Zergling x2  
  34  3:00  Zergling x2  
  34  3:05  Zergling x2  
  37  3:07  Drone  
  37  3:09  Drone  
  37  3:12  Drone x2  
  41  3:16  Overlord  
  41  3:19  Drone  
  42  3:21  Spore Crawler  
  41  3:27  Spore Crawler  
  41  3:28  Drone  
  41  3:30  Overlord  
  39  3:41  Drone x5  
  44  3:49  Drone x2  
  44  3:53  Queen  
  48  3:57  Zergling x2  
  48  4:01  Drone x3  
  52  4:04  Spore Crawler  
  52  4:08  Drone x3  
  54  4:13  Drone x3  
  54  4:14  Overlord  
  57  4:18  Drone  
  57  4:19  Drone  
  57  4:21  Spore Crawler  
  57  4:23  Queen  
  60  4:30  Zergling x6  
  61  4:32  Queen  
  63  4:38  Lair  
  63  4:41  Zergling x4  
  63  4:42  Zergling x2  
  63  4:44  Drone x2  
  68  4:49  Drone x4  
  72  4:53  Overlord  
  72  4:56  Spore Crawler  
  72  4:57  Spore Crawler  
  72  4:59  Overlord  
  70  5:00  Overlord  
  70  5:05  Roach Warren  
  69  5:07  Overlord  
  69  5:15  Overlord  
  69  5:19  Zergling x2  
  69  5:20  Zergling x16  
  78  5:24  Zergling x6  
  78  5:28  Extractor  
  79  5:29  Drone x3, Extractor  
  81  5:36  Zergling x8  
  84  5:48  Drone x6  
  83  5:52  Queen  
  83  5:56  Extractor, Spire  
  83  5:57  Drone x5  
  84  6:05  Drone x5  
  84  6:09  Drone  
  82  6:12  Extractor x2  
  82  6:13  Drone  
  82  6:14  Drone  
  82  6:20  Hatchery  
  82  6:21  Evolution Chamber  
  82  6:23  Drone x4  
  83  6:38  Drone x7  
  82  6:47  Zerg Melee Weapons Level 1  
  80  6:55  Overlord  
  80  6:57  Hatchery  
  80  7:00  Overseer  
  79  7:09  Mutalisk x2  
  79  7:10  Mutalisk x6  
  79  7:12  Zergling x10  
  98  7:17  Drone x4  
  102  7:23  Zerg Flyer Weapons Level 1  
  102  7:25  Mutalisk x2  
  106  7:31  Extractor  
  106  7:33  Extractor, Zergling x12  
  106  7:34  Overlord  
  106  7:36  Mutalisk  
  112  7:39  Overlord  
  110  7:45  Drone x3  
  110  7:46  Drone x3  
  110  7:51  Overlord  
  116  7:52  Mutalisk x2  
  116  7:54  Mutalisk  
  122  8:02  Mutalisk x2  
  122  8:04  Overlord x2  
  126  8:08  Mutalisk  
  128  8:13  Zergling x12  
  128  8:15  Overlord  
  128  8:18  Mutalisk  
  128  8:19  Mutalisk  
  136  8:25  Overlord  
  138  8:37  Mutalisk x4  
  146  8:44  Mutalisk  
  145  8:50  Hatchery  
  145  8:54  Mutalisk  
  145  8:55  Mutalisk  
  139  9:02  Mutalisk x2  
  138  9:04  Zergling x14  
  138  9:05  Zergling x14  
  152  9:14  Mutalisk x2  
  152  9:15  Mutalisk  
  152  9:16  Overlord  
  158  9:20  Overlord  
  158  9:23  Mutalisk x2  
  162  9:25  Overlord  
  160  9:31  Mutalisk  
  160  9:34  Overlord x2  
  160  9:36  Overlord  
  162  9:44  Mutalisk  
  162  9:45  Mutalisk x2  
Tags
 
Add a new tag
Caveats
  • Supply blocks, unpowered buildings, or Contaminate may cause inaccurate times.
  • Supply counts are checked every 10 seconds.